| TOP OF THE 1ST |
|
Danville Braves batting - Pitching for Grand Junction Rockies : RHP Jerry Dunne
|
|
Pitching: RHP Jerry Dunne
|
|
|
Batting: RHB Danny Dimas
|
0-0: Foul Ball, location: 2F 0-1: Ball 1-1: Ball 2-1: Ground out 3-1 (Groundball, 34S, EV 89.4 MPH)
|
|
Batting: LHB Mitsujiro Tanaka
|
0-0: Ball 1-0: DOUBLE (Line Drive, 5D, EV 97.5 MPH)
|
|
Batting: LHB Ivan Castillo
|
0-0: Ball Passed Ball! Mitsujiro Tanaka to third 1-0: Fly out, F7 (Flyball, 7LM, EV 96.2 MPH) Runner from 3rd tags up, SCORES, throw by LF
|
|
Batting: RHB Carlos Livas
|
0-0: Swinging Strike 0-1: Called Strike 0-2: Ball 1-2: SINGLE (Groundball, 56D, EV 98.8 MPH) (infield hit)
|
|
Batting: RHB Rodolfo Cosme
|
0-0: Called Strike Carlos Livas steals 2nd, throwing error, E2 Carlos Livas to third 0-1: Fly out, F8 (Flyball, 8RM, EV 94.4 MPH)
|
| Top of the 1st over - 1 run, 2 hits, 1 error, 1 left on base; Danville 1 - Grand Junction 0 |
| BOTTOM OF THE 1ST |
|
Grand Junction Rockies batting - Pitching for Danville Braves : RHP Pu-la Yun
|
|
Pitching: RHP Pu-la Yun
|
|
|
Batting: RHB Ivan Castaneda
|
0-0: Foul Ball, location: 2F 0-1: Ball 1-1: Swinging Strike 1-2: Strikes out looking
|
|
Batting: SHB Rich McDonald
|
0-0: Fly out, F9 (Flyball, 89S, EV 80.6 MPH)
|
|
Batting: RHB Justin Garrett
|
0-0: Called Strike 0-1: Ball 1-1: Swinging Strike 1-2: Strikes out swinging, 2-3 out at first.
|
| Bottom of the 1st over - 0 runs, 0 hits, 0 errors, 0 left on base; Danville 1 - Grand Junction 0 |
| TOP OF THE 2ND |
|
Danville Braves batting - Pitching for Grand Junction Rockies : RHP Jerry Dunne
|
|
Batting: RHB Roberto Rios
|
0-0: Ball 1-0: Ball 2-0: Ball 3-0: Base on Balls
|
|
Batting: RHB Paul Holland
|
0-0: Ball Roberto Rios steals 2nd base 1-0: Called Strike 1-1: Ball 2-1: Ball Wild Pitch! Roberto Rios to third 3-1: SINGLE (Line Drive, 6D, EV 94.4 MPH) Roberto Rios scores
|
|
Batting: RHB Roman Lauder
|
0-0: Fly out, F1 (Popup, P, EV 76.2 MPH)
|
|
Batting: RHB Aaron Sartini
|
0-0: Fly out, F4 (Line Drive, 34D, EV 68.8 MPH)
|
|
Batting: RHB Danny Dimas
|
0-0: Called Strike Paul Holland steals 2nd base 0-1: Ball Passed Ball! Paul Holland to third 1-1: Ball 2-1: TRIPLE (Flyball, 7D, EV 98.8 MPH) Paul Holland scores
|
|
Batting: LHB Mitsujiro Tanaka
|
0-0: Ball 1-0: Called Strike 1-1: Foul Ball, location: 2F 1-2: Foul Ball, location: 2F 1-2: Strikes out looking
|
| Top of the 2nd over - 2 runs, 2 hits, 0 errors, 1 left on base; Danville 3 - Grand Junction 0 |
| BOTTOM OF THE 2ND |
|
Grand Junction Rockies batting - Pitching for Danville Braves : RHP Pu-la Yun
|
|
Batting: RHB Josh Lofgreen
|
0-0: Ball 1-0: Ball 2-0: Called Strike 2-1: Ball 3-1: Base on Balls
|
|
Batting: RHB Carlos Manriquez
|
0-0: Ball 1-0: Ball 2-0: Foul Ball, location: 2F 2-1: Foul Ball, location: 2F 2-2: Strikes out looking
|
|
Batting: RHB Joe Shade
|
0-0: Ball 1-0: Called Strike 1-1: Ball Wild Pitch! Josh Lofgreen to second 2-1: Called Strike 2-2: Ball 3-2: Strikes out looking
|
|
Batting: RHB Edwin Bejarano
|
0-0: Ball 1-0: Ball 2-0: Called Strike 2-1: Ball 3-1: Foul Ball, location: 2F 3-2: Strikes out swinging
|
| Bottom of the 2nd over - 0 runs, 0 hits, 0 errors, 1 left on base; Danville 3 - Grand Junction 0 |
| TOP OF THE 3RD |
|
Danville Braves batting - Pitching for Grand Junction Rockies : RHP Jerry Dunne
|
|
Batting: LHB Ivan Castillo
|
0-0: Foul Ball, location: 2F 0-1: SINGLE (Line Drive, 56D, EV 95.6 MPH)
|
|
Batting: RHB Carlos Livas
|
0-0: Ball 1-0: Called Strike 1-1: Ball 2-1: Ball 3-1: Base on Balls Ivan Castillo to second
|
|
Batting: RHB Rodolfo Cosme
|
0-0: Ball Passed Ball! Ivan Castillo to third Carlos Livas to second 1-0: Foul Ball, location: 2F 1-1: Ball 2-1: Fly out, F9 (Line Drive, 9D, EV 94.4 MPH) Runner from 3rd tags up, SCORES, throw by RF Carlos Livas to third
|
|
Batting: RHB Roberto Rios
|
0-0: Ball Passed Ball! Carlos Livas scores 1-0: Ball 2-0: Ball 3-0: Base on Balls
|
|
Batting: RHB Paul Holland
|
0-0: Ball Roberto Rios steals 2nd base (no throw) 1-0: Ball 2-0: TRIPLE (Line Drive, 89XD, EV 107.5 MPH) Roberto Rios scores
|
|
Batting: RHB Roman Lauder
|
0-0: Ball Passed Ball! Paul Holland scores 1-0: Fly out, F9 (Flyball, 9D, EV 105.6 MPH)
|
|
Batting: RHB Aaron Sartini
|
0-0: Called Strike 0-1: Ball 1-1: Called Strike 1-2: Strikes out swinging
|
| Top of the 3rd over - 4 runs, 2 hits, 0 errors, 0 left on base; Danville 7 - Grand Junction 0 |
| BOTTOM OF THE 3RD |
|
Grand Junction Rockies batting - Pitching for Danville Braves : RHP Pu-la Yun
|
|
Batting: SHB J.D. Newman
|
0-0: Foul Ball, location: 2F 0-1: Ball 1-1: Called Strike 1-2: Strikes out swinging
|
|
Batting: RHB Xavier Williams
|
0-0: Called Strike 0-1: Ball 1-1: Swinging Strike 1-2: Ground out 4-3 (Groundball, 4, EV 90.0 MPH)
|
|
Batting: RHB Ivan Castaneda
|
0-0: Called Strike 0-1: Foul Ball, location: 2F 0-2: Fly out, F7 (Flyball, 7S, EV 93.8 MPH)
|
| Bottom of the 3rd over - 0 runs, 0 hits, 0 errors, 0 left on base; Danville 7 - Grand Junction 0 |
| TOP OF THE 4TH |
|
Danville Braves batting - Pitching for Grand Junction Rockies : RHP Jerry Dunne
|
|
Batting: RHB Danny Dimas
|
0-0: Ball 1-0: Called Strike 1-1: Ball 2-1: Ball 3-1: Swinging Strike 3-2: Base on Balls
|
|
Pitching: RHP Tom Gentry
|
|
|
Batting: LHB Mitsujiro Tanaka
|
0-0: Swinging Strike Passed Ball! Danny Dimas to second 0-1: Called Strike 0-2: Foul Ball, location: 2F 0-2: Ball 1-2: Ball Wild Pitch! Danny Dimas to third 2-2: Ball Passed Ball! Danny Dimas scores 3-2: Foul Ball, location: 2F 3-2: Base on Balls
|
|
Batting: LHB Ivan Castillo
|
0-0: Ball 1-0: Ball 2-0: Reached on error, E5 (Groundball, 5, EV 81.9 MPH) Mitsujiro Tanaka to second
|
|
Batting: RHB Carlos Livas
|
0-0: Swinging Strike 0-1: Foul Ball, location: 2F 0-2: Ball 1-2: Fielders Choice at 2nd, 6-4 (Groundball, 56, EV 77.5 MPH) Mitsujiro Tanaka to third
|
|
Batting: RHB Rodolfo Cosme
|
0-0: Ball Carlos Livas steals 2nd base 1-0: Foul Ball, location: 2F 1-1: Ball Passed Ball! Mitsujiro Tanaka scores Carlos Livas to third 2-1: Called Strike 2-2: Ground out 4-3 (Groundball, 4, EV 88.1 MPH) Carlos Livas scores
|
|
Batting: RHB Roberto Rios
|
0-0: Called Strike 0-1: Foul Ball, location: 2F 0-2: Ball 1-2: Ball 2-2: Ball 3-2: Strikes out swinging
|
| Top of the 4th over - 3 runs, 0 hits, 1 error, 0 left on base; Danville 10 - Grand Junction 0 |
| BOTTOM OF THE 4TH |
|
Grand Junction Rockies batting - Pitching for Danville Braves : RHP Pu-la Yun
|
|
Batting: SHB Rich McDonald
|
0-0: Ground out 6-3 (Groundball, 6M, EV 98.8 MPH)
|
|
Batting: RHB Justin Garrett
|
0-0: Foul Ball, location: 2F 0-1: Ball 1-1: Hit by Pitch
|
|
Batting: RHB Josh Lofgreen
|
0-0: Ball 1-0: Ball 2-0: Fielders Choice at 2nd, 6-4 (Groundball, 6S, EV 84.4 MPH)
|
|
Batting: RHB Carlos Manriquez
|
0-0: Ball 1-0: Foul Ball, location: 2F 1-1: Swinging Strike 1-2: Ground out 4-3 (Groundball, 4, EV 85.6 MPH)
|
| Bottom of the 4th over - 0 runs, 0 hits, 0 errors, 1 left on base; Danville 10 - Grand Junction 0 |
| TOP OF THE 5TH |
|
Danville Braves batting - Pitching for Grand Junction Rockies : RHP Tom Gentry
|
|
Pitching: RHP Mike Chiquete
|
|
|
Batting: RHB Paul Holland
|
0-0: Ground out 6-3 (Groundball, 6, EV 105.6 MPH)
|
|
Batting: RHB Roman Lauder
|
0-0: Called Strike 0-1: Ball 1-1: Ball 2-1: Ball 3-1: Base on Balls
|
|
Batting: RHB Aaron Sartini
|
0-0: Ball Passed Ball! Roman Lauder to second 1-0: Called Strike 1-1: Foul Ball, location: 2F 1-2: Strikes out swinging
|
|
Batting: RHB Danny Dimas
|
0-0: Called Strike 0-1: Ball 1-1: Foul Ball, location: 2F 1-2: Ground out 4-3 (Groundball, 4, EV 83.1 MPH)
|
| Top of the 5th over - 0 runs, 0 hits, 0 errors, 1 left on base; Danville 10 - Grand Junction 0 |
| BOTTOM OF THE 5TH |
|
Grand Junction Rockies batting - Pitching for Danville Braves : RHP Pu-la Yun
|
|
Batting: RHB Joe Shade
|
0-0: Called Strike 0-1: Called Strike 0-2: Ball 1-2: Strikes out looking
|
|
Batting: RHB Edwin Bejarano
|
0-0: Foul Ball, location: 2F 0-1: Called Strike 0-2: Strikes out looking
|
|
Batting: SHB J.D. Newman
|
0-0: Ball 1-0: Swinging Strike 1-1: Swinging Strike 1-2: Foul Ball, location: 2F 1-2: Ball 2-2: Strikes out swinging
|
| Bottom of the 5th over - 0 runs, 0 hits, 0 errors, 0 left on base; Danville 10 - Grand Junction 0 |
| TOP OF THE 6TH |
|
Danville Braves batting - Pitching for Grand Junction Rockies : RHP Mike Chiquete
|
|
Batting: LHB Mitsujiro Tanaka
|
0-0: Fly out, F7 (Line Drive, 78M, EV 90.0 MPH)
|
|
Batting: LHB Ivan Castillo
|
0-0: Fly out, F2 (Popup, 2RF, EV 97.5 MPH)
|
|
Batting: RHB Carlos Livas
|
0-0: Foul Ball, location: 2F 0-1: Ground out 5-3 (Groundball, 56, EV 105.0 MPH)
|
| Top of the 6th over - 0 runs, 0 hits, 0 errors, 0 left on base; Danville 10 - Grand Junction 0 |
| BOTTOM OF THE 6TH |
|
Grand Junction Rockies batting - Pitching for Danville Braves : RHP Pu-la Yun
|
|
Batting: RHB Xavier Williams
|
0-0: Called Strike 0-1: Foul Ball, location: 2F 0-2: Ball 1-2: Strikes out swinging
|
|
Batting: RHB Ivan Castaneda
|
0-0: Ground out 5-3 (Groundball, 56S, EV 84.4 MPH)
|
|
Batting: SHB Rich McDonald
|
0-0: Called Strike 0-1: Called Strike 0-2: Ball 1-2: Ball 2-2: Ball 3-2: Base on Balls
|
|
Batting: RHB Justin Garrett
|
0-0: Called Strike 0-1: Ball 1-1: Ball 2-1: Ball 3-1: Called Strike 3-2: Ground out 6-3 (Groundball, 6, EV 77.5 MPH)
|
| Bottom of the 6th over - 0 runs, 0 hits, 0 errors, 1 left on base; Danville 10 - Grand Junction 0 |
| TOP OF THE 7TH |
|
Danville Braves batting - Pitching for Grand Junction Rockies : RHP Mike Chiquete
|
|
Batting: RHB Rodolfo Cosme
|
0-0: Fly out, F9 (Flyball, 89M, EV 92.5 MPH)
|
|
Batting: RHB Roberto Rios
|
0-0: SOLO HOME RUN (Flyball, 9D, EV 99.4 MPH), Distance : 411 ft
|
|
Batting: RHB Paul Holland
|
0-0: SINGLE (Groundball, 6S, EV 70.0 MPH) (infield hit)
|
|
Batting: RHB Roman Lauder
|
0-0: Called Strike 0-1: Swinging Strike Passed Ball! Paul Holland to second 0-2: Foul Ball, location: 2F 0-2: Foul Ball, location: 2F 0-2: Ball 1-2: Strikes out swinging
|
|
Pitching: RHP Julio Marquez
|
|
|
Batting: RHB Aaron Sartini
|
0-0: SINGLE (Groundball, 6M, EV 95.6 MPH) Paul Holland to third Runner from 3rd tries for Home, SAFE, throw by CF to home Aaron Sartini to second
|
|
Pinch Hitting: RHB James Anderson
|
0-0: Fly out, F4 (Line Drive, 4, EV 75.6 MPH)
|
| Top of the 7th over - 2 runs, 3 hits, 0 errors, 1 left on base; Danville 12 - Grand Junction 0 |
| BOTTOM OF THE 7TH |
|
Grand Junction Rockies batting - Pitching for Danville Braves : RHP Pu-la Yun
|
|
Now in RF: Roger Shearing
|
|
|
Batting: RHB Josh Lofgreen
|
0-0: Ball 1-0: Ball 2-0: Ball 3-0: Called Strike 3-1: Ground out U3 (Groundball, 3L, EV 86.2 MPH)
|
|
Batting: RHB Carlos Manriquez
|
0-0: Ball 1-0: Swinging Strike 1-1: TRIPLE (Flyball, 78XD, EV 94.4 MPH)
|
|
Batting: RHB Joe Shade
|
0-0: Ball 1-0: Swinging Strike 1-1: Foul Ball, location: 2F 1-2: Foul Ball, location: 2F 1-2: Strikes out swinging
|
|
Batting: RHB Edwin Bejarano
|
0-0: Ball 1-0: Ground out 6-3 (Groundball, 6S, EV 86.9 MPH)
|
| Bottom of the 7th over - 0 runs, 1 hit, 0 errors, 1 left on base; Danville 12 - Grand Junction 0 |
| TOP OF THE 8TH |
|
Danville Braves batting - Pitching for Grand Junction Rockies : RHP Julio Marquez
|
|
Batting: LHB Mitsujiro Tanaka
|
0-0: Ball 1-0: Ball 2-0: Called Strike 2-1: SINGLE (Flyball, 89S, EV 95.0 MPH)
|
|
Batting: LHB Ivan Castillo
|
0-0: Ball 1-0: Foul Ball, location: 2F 1-1: Ball Passed Ball! Mitsujiro Tanaka to second 2-1: Foul Ball, location: 2F 2-2: Strikes out looking
|
|
Batting: RHB Carlos Livas
|
0-0: Foul Ball, location: 2F 0-1: Foul Ball, location: 2F 0-2: Ball 1-2: Strikes out swinging
|
|
Batting: RHB Rodolfo Cosme
|
0-0: SINGLE (Flyball, 78S, EV 94.4 MPH) Mitsujiro Tanaka to third
|
|
Batting: RHB Roberto Rios
|
0-0: Foul Ball, location: 2F 0-1: Foul Ball, location: 2F 0-2: SINGLE (Groundball, 3S, EV 98.8 MPH) Mitsujiro Tanaka scores Rodolfo Cosme to second
|
|
Batting: RHB Paul Holland
|
0-0: Ball 1-0: Ball 2-0: Ball 3-0: Called Strike 3-1: Called Strike 3-2: Foul Ball, location: 2F 3-2: Foul Ball, location: 2F 3-2: Base on Balls Rodolfo Cosme to third Roberto Rios to second
|
|
Batting: LHB Diego Garcia
|
0-0: Ball Passed Ball! Rodolfo Cosme scores Roberto Rios to third Paul Holland to second 1-0: Ball 2-0: Foul Ball, location: 2F 2-1: Foul Ball, location: 2F 2-2: Foul Ball, location: 2F 2-2: TRIPLE (Flyball, 78D, EV 83.1 MPH) Roberto Rios scores Paul Holland scores
|
|
Pitching: LHP Omar Samario
|
|
|
Batting: RHB Aaron Sartini
|
0-0: Called Strike 0-1: Ball Passed Ball! Diego Garcia scores 1-1: Swinging Strike 1-2: Foul Ball, location: 2F 1-2: Ball 2-2: Foul Ball, location: 2F 2-2: Strikes out swinging
|
| Top of the 8th over - 5 runs, 4 hits, 0 errors, 0 left on base; Danville 17 - Grand Junction 0 |
| BOTTOM OF THE 8TH |
|
Grand Junction Rockies batting - Pitching for Danville Braves : RHP Pu-la Yun
|
|
Batting: SHB J.D. Newman
|
0-0: Ball 1-0: Ball 2-0: Called Strike 2-1: Foul Ball, location: 2F 2-2: SINGLE (Groundball, 4MS, EV 76.2 MPH) (infield hit)
|
|
Batting: RHB Xavier Williams
|
0-0: Ball 1-0: Called Strike 1-1: Ball 2-1: Fielders Choice at 2nd, 6-4 (Groundball, 56, EV 109.4 MPH)
|
|
Batting: RHB Ivan Castaneda
|
0-0: Ball 1-0: Called Strike 1-1: Foul Ball, location: 2F 1-2: Foul Ball, location: 2F 1-2: Strikes out swinging
|
|
Pitching: RHP Andrew Stanek
|
|
|
Batting: SHB Rich McDonald
|
0-0: Called Strike 0-1: Ball 1-1: Swinging Strike 1-2: Strikes out swinging
|
| Bottom of the 8th over - 0 runs, 1 hit, 0 errors, 1 left on base; Danville 17 - Grand Junction 0 |
| TOP OF THE 9TH |
|
Danville Braves batting - Pitching for Grand Junction Rockies : LHP Omar Samario
|
|
Pinch Hitting: RHB Richard Saquic
|
0-0: Foul Ball, location: 2F 0-1: Foul Ball, location: 2F 0-2: Ball 1-2: Foul Ball, location: 2F 1-2: Foul Ball, location: 2F 1-2: Foul Ball, location: 2F 1-2: Fly out, F9 (Flyball, 89M, EV 95.6 MPH)
|
|
Batting: LHB Mitsujiro Tanaka
|
0-0: DOUBLE (Flyball, 8RD, EV 91.9 MPH)
|
|
Batting: LHB Ivan Castillo
|
0-0: Ball Wild Pitch! Mitsujiro Tanaka to third 1-0: Ball 2-0: Ball 3-0: Base on Balls
|
|
Pitching: LHP Ernesto Galindo
|
|
|
Batting: RHB Carlos Livas
|
0-0: Ball Passed Ball! Mitsujiro Tanaka scores Ivan Castillo to second 1-0: Swinging Strike 1-1: Swinging Strike 1-2: DOUBLE (Line Drive, 9LM, EV 94.4 MPH) Ivan Castillo scores
|
|
Batting: RHB Rodolfo Cosme
|
0-0: Foul Ball, location: 2F 0-1: Ball 1-1: Ball Passed Ball! Carlos Livas to third 2-1: Swinging Strike Passed Ball! Carlos Livas scores 2-2: Strikes out swinging
|
|
Batting: RHB Roberto Rios
|
0-0: Called Strike 0-1: SOLO HOME RUN (Flyball, 7LD, EV 91.9 MPH), Distance : 356 ft
|
|
Batting: RHB Paul Holland
|
0-0: SINGLE (Groundball, 6MD, EV 96.2 MPH)
|
|
Batting: LHB Diego Garcia
|
0-0: Ball 1-0: Ball Passed Ball! Paul Holland to second 2-0: Ball Wild Pitch! Paul Holland to third 3-0: Called Strike 3-1: Base on Balls
|
|
Batting: RHB Aaron Sartini
|
0-0: Called Strike 0-1: Foul Ball, location: 2F 0-2: Strikes out swinging
|
| Top of the 9th over - 4 runs, 4 hits, 0 errors, 2 left on base; Danville 21 - Grand Junction 0 |
| BOTTOM OF THE 9TH |
|
Grand Junction Rockies batting - Pitching for Danville Braves : RHP Andrew Stanek
|
|
Now in RF: Mennad Maalik
|
|
|
Batting: RHB Justin Garrett
|
0-0: Foul Ball, location: 2F 0-1: Ball 1-1: Ball 2-1: Fly out, F8 (Flyball, 8RM, EV 89.4 MPH)
|
|
Batting: RHB Josh Lofgreen
|
0-0: Called Strike 0-1: Called Strike 0-2: Ball 1-2: Ball 2-2: Foul Ball, location: 2F 2-2: SINGLE (Groundball, 6D, EV 95.0 MPH)
|
|
Batting: RHB Carlos Manriquez
|
0-0: Swinging Strike 0-1: Foul Ball, location: 2F 0-2: Foul Ball, location: 2F 0-2: Ball 1-2: Foul Ball, location: 2F 1-2: Foul Ball, location: 2F 1-2: Grounds into double play, 5-4-3 (Groundball, 56S, EV 78.1 MPH)
|
| Bottom of the 9th over - 0 runs, 1 hit, 0 errors, 0 left on base; Danville 21 - Grand Junction 0 |
|